← All builds
Tech / Armada / Economy first / OBSERVED BUILD

Standard tech

Armada Tech (Eco) build order · Supreme Isthmus

Rushes T2 by 4:15, gets Advanced Metal Extractor around 5:28, hands off T2 constructors to Geo and the team, then scales eco and supplies the team's T2 needs through the rest of the game.

Usually first T2 con to Geo (83%)

#eco #t2 #team support · 1579 distinct matches · 255 players · 58% of Armada Tech games · team won 53% of 1874 · Recently observed

HOW TO PLAY IT

Key timing: T2 factory by 4:15

  1. Open 3 mex and heavy wind to fund a fast T2 rush.
  2. Put down Bot Lab, planning to eat it for reclaim soon after.
  3. Get Advanced Bot Lab up, hitting the T2 factory rush timing.
  4. Upgrade mex to Advanced Metal Extractor to lock in team metal income.
  5. Eat Advanced Bot Lab and keep sending cons to Geo and Pond.

Phase by phase

TYPICAL OF ITS 1579 GAMES
  1. 1
  2. 2
  3. 3
  4. 4
PLAY THE OPENING

Follow the example game's first 6:00 step by step: what to build now, what comes next, and where it goes. At 1× it keeps pace with your own game.

  1. 1

    Up to the Bot Lab

    Economy
    • Metal Extractor3Mex
    • Wind Turbine4Wind
    Order
    1. Bot LabBot Lab after 3 mex, 4 winddone ~1:18, middle half 1:13–1:32

    Some games also: energy storage (31%)

    By 1:01 in all: 3 mex · 4 wind

    The example game in this phase · 6 steps
    1. Mex ×2
    2. Wind ×2
    3. Mex
    4. Wind
    5. Energy storage
    6. Bot LabBot Labdone 1:25 · typical 1:18
  2. 2

    Bot Lab to Advanced Bot Lab

    Economy
    • Metal Extractor1Mex
    • Wind Turbine8Wind
    • Energy Storage1Energy storage
    Order
    1. Advanced Bot LabAdvanced Bot Lab after 4 mex, 12 wind, 3 con turretdone ~4:16, middle half 4:04–4:30
    Builders
    • Construction Turret3 Con turret
    • Lazarus3 Lazarus
    • Construction Bot2 Con bot
    • Construction Bot1 Con bot for allies

    Some games also: converter (36%)

    By 3:18 in all: 4 mex · 12 wind · 1 energy storage · 3 con turret

    The example game in this phase · 20 steps
    1. LazarusLazarus
    2. Wind ×3
    3. Construction BotCon bot
    4. Construction BotCon botfor Air
    5. Wind
    6. Con turret
    7. Wind
    8. Con turret
    9. LazarusLazarus
    10. Wind
    11. Mex
    12. Wind
    13. LazarusLazarus
    14. Wind
    15. LazarusLazarus
    16. Wind ×2
    17. LazarusLazarus
    18. Wind
    19. Construction BotCon bot
    20. Advanced Bot LabAdvanced Bot Labdone 4:04 · typical 4:16
  3. 3

    Advanced Bot Lab to 5:00

    Economy
    • Wind Turbine3Wind
    Order
    1. Bot LabEat Bot Lab
    Builders
    • Advanced Construction Bot1 T2 con bot for allies

    Some games also: converter (35%)

    By 5:00 in all: 4 mex · 15 wind · 1 converter · 1 energy storage · 3 con turret

    The example game in this phase · 9 steps
    1. Converter
    2. Bot LabEat Bot Labreclaimed for its metal
    3. Converter
    4. Advanced Construction BotT2 con botfor Geo
    5. Converter
    6. Advanced Metal ExtractorT2 mexdone 4:51 · typical 5:29
    7. Converter
    8. Advanced Construction BotT2 con botfor Air
    9. Converter
  4. 4

    5:00 to 10:00

    Economy
    • Wind Turbine43Wind
    • Energy Converter6Converter
    Builders
    • Butler9 Butler
    • Advanced Construction Bot4 T2 con bot for allies
    • Advanced Construction Bot1 T2 con bot

    Some games also: con turret (43%) · Butler for allies (36%)

    By 10:00 in all: 4 mex · 58 wind · 8 converter · 1 energy storage · 3 con turret

    The example game in this phase · 220 steps
    1. Converter
    2. Advanced Metal ExtractorT2 mex ×2
    3. Advanced Construction BotT2 con botfor Geo sea
    4. Wind
    5. ButlerButler ×2
    6. Advanced Metal ExtractorT2 mex
    7. Wind
    8. Energy storage
    9. ButlerButler
    10. Wind
    11. ButlerButler
    12. Wind
    13. Advanced Construction BotT2 con botfor Beach sea
    14. Wind
    15. Windfor Beach sea
    16. Advanced Construction BotT2 con botfor Pond
    17. Wind
    18. Windfor Beach sea
    19. Wind
    20. Con turret
    21. Wind ×3
    22. Windfor Beach sea
    23. ButlerButler
    24. Wind
    25. Wind ×2for Beach sea
    26. Converter
    27. Windfor Beach sea
    28. ButlerButler
    29. Wind ×2
    30. ButlerButler
    31. Wind ×2
    32. Converter
    33. Wind ×2
    34. ButlerButler
    35. Wind ×2for Beach sea
    36. ButlerButler
    37. Windfor Beach sea
    38. Converter
    39. Windfor Beach sea
    40. Converter
    41. ButlerButler
    42. Wind ×3
    43. Converter ×2
    44. Wind
    45. ButlerButler
    46. Wind ×2
    47. Converter
    48. Windfor Beach sea
    49. ButlerButler
    50. Wind
    51. Converter
    52. Windfor Beach sea
    53. Wind
    54. Converter
    55. Windfor Beach sea
    56. Advanced Construction BotT2 con botfor Suicide front
    57. Wind
    58. Converter
    59. Windfor Beach sea
    60. Wind ×5
    61. Converter
    62. Wind ×4
    63. Windfor Beach sea
    64. Converter
    65. Wind
    66. Windfor Beach sea
    67. ButlerButler
    68. Wind
    69. Windfor Beach sea
    70. Converter ×2
    71. Wind
    72. Windfor Beach sea
    73. Converter
    74. Wind
    75. ButlerButler
    76. Wind ×5
    77. Converter
    78. Wind ×2
    79. ButlerButlerfor Suicide front
    80. Wind
    81. Windfor Beach sea
    82. Wind ×2
    83. Windfor Beach sea
    84. Converter ×2
    85. Wind ×3
    86. Converter
    87. Wind ×6
    88. Converter
    89. Wind ×2
    90. ButlerButler
    91. Wind ×3
    92. Converter
    93. Wind ×3
    94. Converter
    95. Wind ×9
    96. Converter
    97. Wind
    98. Converter
    99. Wind ×4
    100. ButlerButlerfor Suicide front
    101. Wind
    102. Converter ×2
    103. Wind ×3
    104. UmbrellaAnti-nukedone 10:55
    105. Wind ×3
    106. Converter
    107. Wind ×8
    108. Converter ×2
    109. Wind ×4
    110. Converter
    111. Wind ×2
    112. Converter
    113. Wind ×6
    114. Converter
    115. Wind ×6
    116. Converter
    117. Wind ×4
    118. Converter
    119. Wind
    120. Advanced Construction BotT2 con bot
    121. Wind ×2
    122. Converter
    123. Wind ×2
    124. Converter ×2
    125. Wind ×3
    126. Converter
    127. Wind
    128. ButlerButler
    129. Wind ×4
    130. ButlerButler
    131. Converter
    132. Wind ×2
    133. TracerTracer
    134. Metal storage
    135. Con turret
    136. Converter ×2
    137. Con turret
    138. Converter
    139. Con turret
    140. Wind ×3
    141. Fusion ReactorFusionfor Geo seadone 12:44
    142. Wind
    143. ButlerButler
    144. Wind
    145. Converter
    146. Con turret
    147. Wind ×3
    148. Converter
    149. Wind ×2
    150. Converter
    151. Advanced Bot LabEat Advanced Bot Labreclaimed for its metal
    152. Wind ×4
    153. Converter
    154. Wind ×10
    155. Converter
    156. Advanced Bot LabAdvanced Bot Labdone 13:06
    157. Wind ×6
    158. Converter
    159. Wind ×6
    160. Con turret
    161. Wind ×3
    162. Converter
    163. Wind ×3
    164. PlatypusPlatypus
    165. Wind
    166. Con turret
    167. Wind ×2
    168. Converter
    169. UmbrellaAnti-nuke
    170. Wind ×2
    171. Con turret
    172. Wind ×2
    173. T2 converter
    174. Wind
    175. Converter
    176. Wind ×7
    177. Converter
    178. Wind ×4
    179. PlatypusPlatypus
    180. Wind ×3
    181. Converter
    182. Wind
    183. Con turret
    184. T2 converter
    185. Wind ×3
    186. PlatypusPlatypus
    187. Wind ×3
    188. Con turret
    189. Converter
    190. Wind ×3
    191. PlatypusPlatypus
    192. Wind
    193. Con turret
    194. Wind ×3
    195. Converter
    196. Wind ×2
    197. Con turret
    198. PlatypusPlatypus
    199. Wind ×3
    200. T2 converter
    201. Wind ×2
    202. PlatypusPlatypus
    203. Wind ×4
    204. PlatypusPlatypus
    205. Wind ×5
    206. PlatypusPlatypus
    207. Wind ×3
    208. PlatypusPlatypus
    209. Wind
    210. T2 converter
    211. Wind ×2
    212. PlatypusPlatypus
    213. Wind
    214. PlatypusPlatypus
    215. Wind ×2
    216. PlatypusPlatypus
    217. Wind
    218. PlatypusPlatypus ×2
    219. Wind
    220. PlatypusPlatypus

Counts are medians over the build's games: half of them build more, half fewer. The example game is isbedabrick's (31 OS, 27/08/2026); pick another.

Team trades

IN AT LEAST 30% OF ITS GAMES

You hand over

  • Construction Bot1 Con bot to Airfirst at 2:23 · in 84% of games
  • Advanced Construction Bot5 T2 con bot to Air or Geo sea or Pondfirst at 4:50 · in 99% of games
  • Butler2 Butler to Geo sea or Beach sea or Pondfirst at 9:07 · in 42% of games

You get

  • Hercules1 Light transport from Airfirst at 4:01 · in 86% of games

How it plays out

Typical game of this build, running totals by minute

Metal produced

020k40k
0:005:0010:0015:00

metal

Enemy metal destroyed

050100
0:005:0010:0015:00

metal

Own metal lost

050100150
0:005:0010:0015:00

metal

1874 games.

Show as table
ByMetal produced: This buildEnemy metal destroyed: This buildOwn metal lost: This build
1:0038300
2:0091500
3:00165100
4:00314400
5:00484700
6:00580000
7:00722700
8:00906100
9:001117300
10:001350300
11:001624200
12:001965600
13:002344500
14:0027362073
15:003154285130
WHAT THE NUMBERS SAY

Standard Tech play barely fights at all early, instead pouring metal into T2 infrastructure and constructors for the team.

  • + Metal produced hits 31679 by 15:00, by far the highest of any role here.
  • + T2 factory reached in 97% of games by 4:15, fastest and most reliable T2 timing.
  • − Enemy metal destroyed stays at 0 through 10:00, no early offense at all.
  • − Own metal lost also near 0, showing total avoidance of combat risk.
THE EXAMPLE YOU ARE READING

isbedabrick

31.3 OS · 27/08/2026

Open source match ↗

1 received units
2532 metal received · 296739 energy received

Allied construction assistance is unknown. Timings are observations, not a promise of solo reproducibility.

Typical milestones

Bot Lab1:18Middle 50%: 1:13–1:32 · n=1874
Advanced Bot Lab4:16Middle 50%: 4:04–4:30 · n=1867
Advanced Metal Extractor5:29Middle 50%: 5:05–5:59 · n=1870

Played most by

Amrissa93games of this buildTheGeneraI66games of this buildAdeus57games of this buildEl_Turco56games of this buildKOT_43games of this build
Standard tech · Armada Tech (Eco) build order · BAR Build Atlas